AoeStats
← Sarcoptes scabiei

Arabia

506962745Analyzed
3v3 RM · 15d ago on Sep 16, 2026· 47m 2s· 6 players
Game mode
Random Map
Map size
Normal (6 player)
Population
200
Speed
Normal
Resources
Standard
Victory
Conquest
Starting age
Dark Age
Ending age
Imperial Age
RankedLock teamsTeams togetherTeam positionsShared explorationLock speedFull tech treeHidden civsTurbo modeCheats
Victory
Defeat
🇦🇷 Slavs · Argentina
1061
+11
🇦🇷 Ethiopians · Argentina
1027
+12
🇦🇷 Saracens · Argentina
968
+14
🇦🇷 Bengalis · Argentina
1008
-15
🇵🇹 Portuguese · Portugal
935
-12
🇳🇿 Burgundians · New Zealand
886
-10
PWLG | Fabro
7:25 Loom
10:11 Feudal Age
10:15 Man-at-Arms
16:31 Double-Bit Axe
16:48 Horse Collar
21:21 Castle Age
21:07 Bloodlines
21:27 Gold Mining
22:47 Forging
26:33 Squires
27:29 Heavy Plow
28:17 Husbandry
30:59 Gold Shaft Mining
33:45 Wheelbarrow
37:13 Imperial Age
35:18 Scale Barding Armor
35:28 Bow Saw
36:42 Iron Casting
36:01 Fletching
37:29 Chain Barding Armor
37:22 Cavalier
38:59 Hand Cart
40:21 Blast Furnace
41:41 Two-Man Saw
41:46 Plate Barding Armor
42:13 Stone Mining
46:02 Bodkin Arrow
Sarcoptes scabiei
10:39 Feudal Age
12:58 Double-Bit Axe
23:16 Castle Age
21:49 Padded Archer Armor
23:10 Loom
23:45 Loom
24:36 Wheelbarrow
28:00 Hand Cart
27:50 Stone Mining
27:36 Crossbowman
29:34 Leather Archer Armor
29:09 Fletching
30:33 Scale Barding Armor
30:41 Forging
32:37 Bow Saw
35:42 Bloodlines
35:32 Husbandry
35:30 Horse Collar
37:58 Thumb Ring
39:32 Husbandry
41:09 Town Watch
42:41 Gold Mining
43:54 Iron Casting
44:55 Chain Barding Armor
MTP | Fenix
4:26 Loom
9:40 Feudal Age
10:46 Double-Bit Axe
17:57 Castle Age
16:43 Fletching
18:23 Gold Mining
18:07 Crossbowman
20:31 Padded Archer Armor
20:33 Bodkin Arrow
21:29 Wheelbarrow
23:24 Thumb Ring
26:30 Leather Archer Armor
28:34 Ballistics
31:17 Hand Cart
35:19 Imperial Age
35:27 Heavy Cavalry Archer
36:46 Ring Archer Armor
36:44 Conscription
36:49 Horse Collar
38:54 Heavy Plow
40:13 Chemistry
39:25 Bracer
44:07 Town Watch
44:39 Hand Cart
44:39 Bow Saw
46:16 Town Patrol
gravedigger187_
7:57 Loom
11:25 Feudal Age
10:07 Double-Bit Axe
11:12 Horse Collar
17:38 Castle Age
23:44 Wheelbarrow
25:45 Cavalier
30:46 Husbandry
33:49 Imperial Age
36:16 Paladin
38:07 Hand Cart
39:30 Scale Barding Armor
39:36 Forging
40:13 Heavy Plow
40:07 Gold Mining
40:09 Stone Mining
Keyser_Soze
1:08 Loom
11:31 Feudal Age
18:26 Horse Collar
19:32 Scale Barding Armor
20:18 Forging
25:14 Castle Age
24:51 Fletching
27:30 Bodkin Arrow
34:37 Pikeman
35:49 Double-Bit Axe
39:04 Wheelbarrow
42:08 Fervor
45:36 Imperial Age
44:27 Hand Cart
TiraFlechas1861
4:35 Loom
10:53 Feudal Age
11:48 Double-Bit Axe
16:28 Wheelbarrow
16:44 Town Watch
16:42 Horse Collar
21:32 Castle Age
20:25 Scale Barding Armor
20:31 Forging
20:27 Gold Mining
20:28 Stone Mining
21:39 Bloodlines
22:41 Bow Saw
22:39 Husbandry
23:43 Fletching
27:44 Hand Cart
27:48 Bodkin Arrow
27:54 Padded Archer Armor
30:09 Leather Archer Armor
30:31 Iron Casting
34:49 Chain Barding Armor
44:47 Imperial Age
42:04 Light Cavalry
43:33 Ballistics
42:47 Pikeman
43:27 Squires
43:13 Arson
44:49 Halberdier
45:32 Scale Mail Armor
Connection lost

Rejoining the realm…

Still unreachable

The connection could not be restored.

Session expired

The server has moved on; the page needs a fresh start.